 Dungeon Crawl Stone Soup version 0.30-a0-859-gf88a04b62d (webtiles) character file.

Game seed: 6038395751315338163

35 Esekla the Sneak (level 3, 26/26 HPs)
             Began as an Octopode Delver on Mar 6, 2023.
             Quit the game on level 5 of the Dungeon.
             The game lasted 00:01:35 (107 turns).

Esekla the Sneak (Octopode Delver)                   Turns: 107, Time: 00:01:36

Health: 26/26      AC:  1    Str: 11    XL:     3   Next: 33%
Magic:  2/4        EV: 13    Int: 14    God:
Gold:   31         SH:  0    Dex: 13    Spells: 3/3 levels left

rFire   . . .      SeeInvis .    a - +0 falchion
rCold   . . .      Faith    .    (no shield)
rNeg    . . .      Spirit   .    (helmet restricted)
rPois   .          Reflect  .    (no amulet)
rElec   .          Rampage  .    (no ring)
rCorr   .                        (no ring)
Will    .....                    (no ring)
Stlth   ++++                     (no ring)
HPRegen 0.24/turn                (no ring)
MPRegen 0.09/turn                (no ring)
                                 (no ring)
                                 (no ring)

@: no status effects
A: almost no armour, amphibious, 8 rings, camouflage 1, gelatinous body 1,
(nimble swimmer 1), tentacles
a: no special abilities


You were on level 5 of the Dungeon.
You visited 1 branch of the dungeon, and saw 1 of its levels.

You collected 31 gold pieces.

Inventory:

Hand Weapons
 a - a +0 falchion (weapon)
Missiles
 c - a throwing net (quivered)
Wands
 d - a wand of light (5)
 f - a wand of digging (3)
Scrolls
 b - a scroll of fog
 g - a scroll of teleportation {unknown}
Potions
 e - a potion of haste


   Skills:
 * Level 3.2 Fighting
 * Level 2.2 Long Blades
 * Level 2.2 Dodging
 + Level 7.2 Stealth
 * Level 0.7 Spellcasting


You had 3 spell levels left.
You didn't know any spells.
Your spell library contained the following spells:

 Spells                   Type           Power      Damage    Failure   Level
 Apportation              Tloc           0%         N/A       26%         1
 Summon Small Mammal      Summ           0%         N/A       26%         1
 Call Canine Familiar     Summ           0%         N/A       63%         3
 Summon Guardian Golem    Hex/Summ       0%         N/A       63%         3
 Alistair's Intoxication  Tmut/Pois      0%         N/A       100%        5


Dungeon Overview and Level Annotations

Branches:
Dungeon (5/15)
 Temple: D:4-7

Altars:
Uskayaw

Shops:
D:5 :

Portals:
Ossuary: D:5


Innate Abilities, Weirdness & Mutations

You cannot wear most types of armour.
You are amphibious.
You can wear up to eight rings at the same time.
Your skin changes colour to match your surroundings (Stealth+).
Your rubbery body absorbs attacks. (AC +1, EV +1)
((You are camouflaged when in or above water. (Stealth+)))
You have tentacles for arms and can constrict up to eight enemies at once.


Message History

You hit the adder.
The adder is almost dead.
You constrict the adder. The adder completely misses you.
You hit the adder.
You kill the adder!
The iguana barely misses you.
You have reached level 2!
You hit the iguana but do no damage. You grab the iguana.
You squeeze the iguana.
The iguana is lightly wounded.
You constrict the iguana. The iguana closely misses you.
You barely miss the iguana.
The iguana is lightly wounded.
You constrict the iguana. The iguana barely misses you.
You hit the iguana. You squeeze the iguana.
The iguana is heavily wounded.
You constrict the iguana. The iguana closely misses you.
You hit the iguana.
The iguana is severely wounded.
You constrict the iguana. The iguana barely misses you.
You hit the iguana but do no damage.
The iguana is almost dead.
You constrict the iguana.
You kill the iguana!
Your Stealth skill increases to level 7!
You have reached level 3!
Your experience leads to an increase in your attributes!
Increase (S)trength, (I)ntelligence, or (D)exterity?
You feel clever. x2
Found a stone staircase leading up.
You hear the slow hiss of an avalanche of sand nearby. 2 wights come into view.
You see here 10 gold pieces.
You now have 31 gold pieces (gained 10).
You open the door.
Found Naduipes's Book Boutique.
There is an open door here.
There is an entrance to Naduipes's Book Boutique here.
You can access your shopping list by pressing '$'.
Are you sure you want to abandon this character and quit the game? (Confirm with "yes".)

*########
*zz.....#####
*,~≈.≈≈.....#
*,~#+#§..[..#
*,,+@'......###
*#§#+#≈.......###
#≈§.≈§..####...#
###..§....†.##.##
###..####.##..#
#...* #S.##.####
##<.#*##....l...
#...* ######...
##*,*******####


There were no monsters in sight!

Vanquished Creatures
  An iguana (D:5)
  An adder (D:5)
2 creatures vanquished.

Notes
Turn   | Place    | Note
-------+----------+-------------------------------------------
     0 | D:5      | Esekla the Octopode Delver began the quest for the Orb.
     0 | D:5      | Reached XP level 1. HP: 16/16 MP: 1/1
     5 | D:5      | Noticed an iguana
    30 | D:5      | Found a hide-covered altar of Uskayaw.
    52 | D:5      | Noticed a black bear
    57 | D:5      | Found a sand-covered staircase.
    70 | D:5      | Noticed a scorpion
    92 | D:5      | Reached XP level 2. HP: 21/21 MP: 2/2
    97 | D:5      | Reached skill level 7 in Stealth
    97 | D:5      | Reached XP level 3. HP: 26/26 MP: 2/4
   100 | D:5      | Noticed a wight
   100 | D:5      | Noticed a wight
   104 | D:5      | Found Naduipes's Book Boutique.
   107 | D:5      | Quit the game

Illustrated notes

Levels and vault maps discovered:
D:5:      layout_rooms, kennysheep_little_box, enter_ossuary_2, serial_shops,
          kennysheep_mini_moat

Skill      XL: |  1  2 |
---------------+-------+-----
Stealth        | 7 |  7.2
Fighting       | |  3.2
Long Blades    | |  2.2
Dodging        | |  2.2
Spellcasting   | |  0.7

Action                     || total
---------------------------++-------
  Melee: Falchion          ||    10
         Constrict         ||     2
         Tentacles         ||     2
    Use: Scroll            ||     2
  Dodge: Dodged            ||    10

Table legend: (Time is in decaauts)
 A = Elapsed time spent in this place.
 B = Non-inter-level travel time spent in this place.
 C = Inter-level travel time spent in this place.
 D = Time resting spent in this place.
 E = Time spent auto-exploring this place.
 F = Levels seen in this place.
 G = Mean time per level.
                   A        B        C        D        E       F      G
               +--------+--------+--------+--------+--------+-----+--------+
         Total |    109 |    109 |      0 |      0 |      0 |   1 |  109.0 |
       Dungeon |    109 |    109 |      0 |      0 |      0 |   1 |  109.0 |
               +--------+--------+--------+--------+--------+-----+--------+

Top non-repeatable levels by time:
     D:5: 109 daAuts
